 Dungeon Crawl Stone Soup version 0.21-a0-153-g78480df (webtiles) character file.

2928 galech the Grappler (level 9, 0/84 HPs)
             Began as a Troll Monk on July 31, 2017.
             Was a High Priest of Okawaru.
             Slain by a wolf (8 damage)
             ... led by Grum
             ... on level 8 of the Dungeon.
             The game lasted 00:07:39 (5746 turns).

galech the Grappler (Troll Monk)                    Turns: 5746, Time: 00:07:40

Health: 0/84       AC:  7    Str: 24    XL:     9   Next: 50%
Magic:  8/8        EV: 13    Int:  6    God:    Okawaru [*****.]
Gold:   675        SH:  0    Dex: 12    Spells: 8/8 levels left

rFire    . . .     SeeInvis .     - Unarmed
rCold    . . .     Gourm    +   (no shield)
rNeg     . . .     Faith    .   C - +2 robe
rPois    .         Spirit   .   (helmet restricted)
rElec    .         Reflect  .   (no cloak)
rCorr    .         Harm     .   (gloves unavailable)
MR       .....                  (boots unavailable)
Stlth    ++........             r - amulet of magic regeneration
HPRegen  0.64/turn              y - +1 ring of evasion
MPRegen  0.36/turn              (no ring)

@: no status effects
A: unfitting armour, claws 3, fast metabolism 3, gourmand, regeneration 1,
shaggy fur 1, tough skin 2
a: Heroism, Finesse, Renounce Religion


You were on level 8 of the Dungeon.
You worshipped Okawaru.
Okawaru was extremely pleased with you.
You were completely stuffed.

You visited 1 branch of the dungeon, and saw 8 of its levels.

You collected 675 gold pieces.

Inventory:

Armour
 C - a +2 robe (worn)
Jewellery
 r - an amulet of magic regeneration (around neck)
 y - a +1 ring of evasion (left claw)
 E - an uncursed ring of see invisible {unknown}
Wands
 o - a wand of disintegration (10/24)
 q - a wand of confusion (18/48)
 A - a wand of confusion (14/48)
 B - a wand of acid (8/15)
 G - a wand of iceblast (8/15)
 K - a wand of confusion (13/48)
Scrolls
 e - 5 scrolls of teleportation {unknown}
 g - 11 scrolls of identify {unknown}
 h - 5 scrolls of remove curse {unknown}
 k - 3 scrolls of fog {unknown}
 m - a scroll of amnesia {unknown}
 p - a scroll of enchant armour
 z - a scroll of blinking {unknown}
 F - 2 scrolls of magic mapping {unknown}
Potions
 c - 2 potions of curing
 i - a potion of brilliance {unknown}
 j - 2 potions of haste {unknown}
 n - 2 potions of flight {unknown}
 s - 3 potions of agility {unknown}
 t - 2 potions of might {unknown}
 u - a potion of mutation {unknown}
 v - a potion of berserk rage {unknown}
 w - 2 potions of heal wounds {unknown}
 x - a potion of resistance {unknown}
 H - a potion of degeneration {unknown}
 J - a potion of magic {unknown}
Books
 a - a book of Misfortune

   Spells                             Type                      Level
   a - Confusing Touch                Hexes                        1
   b - Confuse                        Hexes                        3
   c - Gell's Gravitas                Translocation                3
   d - Petrify                        Transmutation/Earth          4
   e - Metabolic Englaciation         Hexes/Ice                    5
   f - Yara's Violent Unravelling     Hexes/Transmutation          5
 I - a book of Changes

   Spells                             Type                      Level
   a - Beastly Appendage              Transmutation                1
   b - Sticks to Snakes               Transmutation                2
   c - Spider Form                    Transmutation/Poison         3
   d - Ice Form                       Ice/Transmutation            4
   e - Blade Hands                    Transmutation                5
Comestibles
 b - 7 bread rations
 d - 5 royal jellies
 f - 8 meat rations
 l - 3 fruits


   Skills:
 + Level 4.1 Fighting
 + Level 4.9 Dodging
 + Level 3.1 Stealth
 + Level 10.7 Unarmed Combat


You had 8 spell levels left.
You didn't know any spells.

Dungeon Overview and Level Annotations

Branches:
Dungeon (8/15)             Temple (0/1) D:7
   Lair: D:8-11

Altars:
Dithmenos
Elyvilon
Fedhas
Kikubaaqudgha
Makhleb
Nemelex Xobeh
Okawaru
Wu Jian
Yredelemnul
Zin

Annotations:
D:8 Grum


Innate Abilities, Weirdness & Mutations

You are too large for most types of armour.
You have claws for hands.
Your metabolism is lightning-fast.
You like to eat raw meat.
Your natural rate of healing is unusually fast.
You are covered in fur. (AC +1)
You have very tough skin. (AC +2)


Message History

The wolf bites you!
* * * LOW HITPOINT WARNING * * *
The wolf bites you.
* * * LOW HITPOINT WARNING * * *
You scratch the wolf. You claw the wolf, but do no damage.
The wolf is lightly wounded.
The wolf closely misses you.
You claw the wolf!
The wolf is almost dead.
The wolf bites you!
* * * LOW HITPOINT WARNING * * *
You hear a zap.
You hear a grinding noise.
As you read the scroll labeled GIUFO WEUDEFI, it crumbles to dust.
It is a scroll of enchant armour.
You aren't carrying any armour which can be enchanted further.
The wolf misses you. The wolf closely misses you.
Unknown command.
It was a potion of curing.
You feel better. The wolf completely misses you. The wolf bites you!
You die...

##.# #.# ##.# #.#
##.# #.# ## ##[# #.#
#. ##.# #.......#
#.##. ##.# #.......#
#.#. ##.# #.......#
#.. ##.#
#.......###.# ##.#
#...$...##o@# ##.#
#.......#g#h####
##.#
#!...).....ho..#
##.#
#........##.########
##.#
#.....[.o...........
...#
#......[##..#######.
#### #####.#####.# #
#. #.. # #. #.#.


You could see Grum, 2 wolves and 2 orcs.

Vanquished Creatures
  The ghost of wazuzu the Destroyer, a novice DEWz of Kikubaaqudgha (D:5)
  Grinder (D:3)
  Sigmund (D:3)
  Eustachio (D:5)
  An ice beast (D:6)
  Duvessa (D:6)
  2 sky beasts
  A black bear (D:8)
  An orc warrior (D:7)
  A necrophage (D:6)
  3 ogres
  Blork the orc (D:6)
  2 bullfrogs (D:6)
  Dowan (D:6)
  A scorpion (D:5)
  2 bullfrog zombies
  A jelly (D:7)
  2 hounds
  A gnoll shaman (D:5)
  An orc priest (D:7)
  2 orc wizards (D:7)
  3 iguanas
  Jessica (D:3)
  Terence (D:3)
  2 worker ants
  Natasha (thrice) (D:3)
  2 killer bee zombies
  6 gnolls (D:5)
  Robin (D:4)
  10 adders
  4 river rats (D:5)
  A shadow imp (D:5)
  An adder skeleton (D:4)
  5 worms
  2 dart slugs
  4 leopard geckos
  16 orcs
  8 giant cockroaches
  15 goblins
  7 hobgoblins
  7 jackals
  18 kobolds
  2 quokkas
  6 bats
  8 frilled lizards
  A jackal skeleton (D:4)
  A leopard gecko zombie (D:7)
  5 rats
  A plant (D:5)
169 creatures vanquished.

Vanquished Creatures (others)
  A quokka (D:4)
1 creature vanquished.

Grand Total: 170 creatures vanquished

Notes
Turn   | Place    | Note
-------+----------+-------------------------------------------
     0 | D:1      | galech the Troll Monk began the quest for the Orb.
     0 | D:1      | Reached XP level 1. HP: 22/22 MP: 0/0
    55 | D:1      | Reached XP level 2. HP: 25/29 MP: 1/1
   267 | D:1      | Reached XP level 3. HP: 36/36 MP: 2/2
   826 | D:2      | Reached XP level 4. HP: 44/44 MP: 3/3
  1396 | D:3      | Noticed Jessica
  1401 | D:3      | Killed Jessica
  1401 | D:3      | Reached skill level 4 in Unarmed Combat
  1442 | D:3      | Noticed Natasha
  1457 | D:3      | Killed Natasha
  1514 | D:3      | Reached XP level 5. HP: 52/52 MP: 4/4
  1543 | D:3      | Noticed Grinder
  1551 | D:3      | Paralysed by Grinder for 3 turns
  1566 | D:3      | Killed Grinder
  1566 | D:3      | Reached skill level 5 in Unarmed Combat
  1566 | D:3      | Reached XP level 6. HP: 4/61 MP: 5/5
  1674 | D:3      | Found a shadowy altar of Dithmenos.
  1712 | D:3      | Found an iron altar of Okawaru.
  1720 | D:3      | Became a worshipper of Warmaster Okawaru
  1720 | D:3      | Reached * piety under Okawaru
  1720 | D:3      | Reached ** piety under Okawaru
  1731 | D:3      | Noticed Natasha
  1735 | D:3      | Killed Natasha
  1795 | D:3      | Noticed Sigmund
  1799 | D:3      | Killed Sigmund
  1799 | D:3      | Reached skill level 6 in Unarmed Combat
  1799 | D:3      | Reached XP level 7. HP: 64/67 MP: 6/6
  2001 | D:3      | Found a sparkling altar of Nemelex Xobeh.
  2006 | D:3      | Noticed Natasha
  2010 | D:3      | Killed Natasha
  2081 | D:3      | Noticed Terence
  2086 | D:3      | Killed Terence
  2531 | D:4      | Found a burning altar of Makhleb.
  2706 | D:4      | Found a blossoming altar of Fedhas.
  2894 | D:4      | Found a white marble altar of Elyvilon.
  3140 | D:4      | Noticed Robin
  3151 | D:4      | Killed Robin
  3291 | D:5      | Entered Level 5 of the Dungeon
  3325 | D:5      | Reached skill level 7 in Unarmed Combat
  3345 | D:5      | Noticed wazuzu's ghost (novice DEWz)
  3383 | D:5      | Reached *** piety under Okawaru
  3387 | D:5      | Killed wazuzu's ghost
  3387 | D:5      | Reached skill level 8 in Unarmed Combat
  3387 | D:5      | Reached XP level 8. HP: 59/75 MP: 7/7
  3685 | D:5      | Noticed Eustachio
  3694 | D:5      | Killed Eustachio
  3694 | D:5      | Reached **** piety under Okawaru
  3847 | D:5      | Reached skill level 9 in Unarmed Combat
  3851 | D:5      | Found an iron altar of Okawaru.
  3853 | D:5      | Found a glowing silver altar of Zin.
  4146 | D:6      | Noticed Duvessa
  4149 | D:6      | Noticed Dowan
  4155 | D:6      | Killed Duvessa
  4161 | D:6      | Killed Dowan
  4372 | D:6      | Reached XP level 9. HP: 84/84 MP: 8/8
  4684 | D:6      | Noticed Blork the orc
  4700 | D:6      | Killed Blork the orc
  4700 | D:6      | Reached skill level 10 in Unarmed Combat
  4873 | D:7      | Found a basalt altar of Yredelemnul.
  4945 | D:7      | Found an ancient bone altar of Kikubaaqudgha.
  5001 | D:7      | Reached ***** piety under Okawaru
  5131 | D:7      | Found a staircase to the Ecumenical Temple.
  5227 | D:7      | Found an ornate altar of the Wu Jian Council.
  5725 | D:8      | Noticed Grum
  5744 | D:8      | HP: 1/84 [wolf[Grum] (8)]
  5746 | D:8      | Slain by a wolf

Vault maps used:
D:1:      scummos_arrival_checkerplants, st_stairs_14
D:2:      serial_glass, glass_columns_a, glass_columns_a, glass_columns_b,
          glass_columns_b, eino_tiny_chamber
D:3:      lemuel_round_altar, grunt_dithmenos_smoke_and_mirrors, first_bread,
          kennysheep_nub, supply_closet_lemuel, okawaru_ov_weapons_minmay,
          uniq_grinder, uniq_sigmund, uniq_natasha, uniq_terence, uniq_jessica
D:4:      lemuel_crystal_altar, fedhas_altar_1, elyvilon_altar_4, uniq_robin
D:5:      wad_woods_tower, nicolae_overflow_hidden_temple, uniq_eustachio
D:6:      minmay_unpleasant_kobolds, uniq_duvessa, uniq_blork_the_orc
D:7:      kennysheep_mini, nicolae_overflow_crystal_walls,
          yredelemnul_altar_generic, minmay_temple_entry_statues_fountains
D:8:      uniq_grum

Skill      XL: |  1  2  3  4  5  6  7  8  9 |
---------------+----------------------------+-----
Dodging        | 3 4 |  4.9
Unarmed Combat | 4 5 6 8 9 10 | 10.7
Fighting       | 3 4 |  4.1
Stealth        | 2 3 |  3.1

Action                   |  1- 3 |  4- 6 |  7- 9 || total
-------------------------+-------+-------+-------++-------
Melee: Unarmed           |   108 |    51 |   305 ||   464
       Punch             |     1 |     2 |    17 ||    20
  Use: Scroll            |       |       |     1 ||     1
       Potion            |       |       |     1 ||     1
 Stab: Sleeping          |     4 |     2 |     6 ||    12
  Eat: Chunk             |    13 |     9 |    36 ||    58
Armor: Robe              |    29 |    10 |    64 ||   103
Dodge: Dodged            |    53 |    15 |   142 ||   210
